 Dungeon Crawl Stone Soup version 0.30-a0-953-g5f1da4a474 (webtiles) character file.

Game seed: 8269283368556504526

91 Ast3rio the Chiller (level 4, -6/33 HPs)
             Began as a Demigod Ice Elementalist on Mar 28, 2023.
             Mangled by a gnoll
             ... wielding a +0 spear
              (7 damage)
             ... on level 4 of the Dungeon.
             The game lasted 00:05:40 (2498 turns).

Ast3rio the Chiller (Demigod Ice Elementalist)      Turns: 2498, Time: 00:05:40

Health: -6/33      AC:  2    Str:  9    XL:     4   Next: 12%
Magic:  8/11       EV: 12    Int: 21    God:
Gold:   95         SH:  0    Dex: 14    Spells: 0/8 levels left

rFire   + . .      SeeInvis .    (no weapon)
rCold   + . .      Faith    .    (no shield)
rNeg    . . .      Spirit   .    a - +0 robe
rPois   .          Reflect  .    (no helmet)
rElec   .          Rampage  .    l - scarf {rC+ rF+}
rCorr   .                        (no gloves)
Will    .....                    (no boots)
Stlth   ++                       (no amulet)
HPRegen 0.25/turn                (no ring)
MPRegen 0.12/turn                (no ring)

@: lethally poisoned (-6 -> -20), very slightly contaminated
A: high MP 1, forlorn, divine attributes
a: no special abilities


You were on level 4 of the Dungeon.
You visited 1 branch of the dungeon, and saw 4 of its levels.

You collected 95 gold pieces.

Inventory:

Armour
 a - a +0 robe (worn)
 l - a scarf of resistance (worn)
Jewellery
 m - a ring of see invisible
Scrolls
 c - a scroll of noise {unknown}
 d - 2 scrolls of brand weapon {unknown}
 h - a scroll of amnesia {unknown}
 j - 4 scrolls of teleportation {unknown}
 k - a scroll of enchant armour {unknown}
 n - a scroll of enchant weapon {unknown}
 o - 3 scrolls of identify {unknown}
 p - a scroll of fog {unknown}
Potions
 b - a potion of magic
 e - 2 potions of berserk rage {unknown}
 f - 2 potions of heal wounds {unknown}
 g - a potion of haste {unknown}
 i - a potion of might {unknown}
 q - a potion of cancellation {unknown}


   Skills:
 + Level 0.2 Fighting
 + Level 1.8 Dodging
 + Level 2.1 Stealth
 + Level 2.8 Spellcasting
 + Level 4.5 Ice Magic


You couldn't memorise any spells.
You knew the following spells:

 Your Spells              Type           Power      Damage    Failure   Level
a - Freeze                Ice            84%        1d9       2%          1
b - Frozen Ramparts       Ice            42%        1d7       6%          3
c - Summon Ice Beast      Ice/Summ       12%        N/A       47%         4

Your spell library contained the following spells:

 Spells                   Type           Power      Damage    Failure   Level
 Ozocubu's Armour         Ice            21%        N/A       6%          3
 Ensorcelled Hibernation  Hex/Ice        24%        N/A       9%          2
 Spider Form              Tmut/Pois      2%         N/A       38%         3
 Anguish                  Hex/Necr       1%         N/A       80%         4
 Borgnjor's Revivificati  Necr           1%         N/A       100%        8
 Necromutation            Tmut/Necr      1%         N/A       100%        8
 Death's Door             Necr           1%         N/A       100%        9


Dungeon Overview and Level Annotations

Branches:
Dungeon (4/15)
 Temple: D:4-7


Innate Abilities, Weirdness & Mutations

You have an increased reservoir of magic. (+10% MP)
You shall have no god before yourself.
Your divine heritage dramatically boosts your attributes as you level up.


Message History

You are frozen.
You resist.
You freeze the endoplasm.
You kill the endoplasm!
A gnoll is nearby!
A gnoll is nearby!
A gnoll is nearby!
Found a whip.
Found 11 gold pieces and a robe.
A scorpion comes into view.
Found a stone staircase leading down.
You can't see any susceptible monsters within range! (Use Z to cast anyway.)
You can't see any susceptible monsters within range! (Use Z to cast anyway.)
You can't see any susceptible monsters within range! (Use Z to cast anyway.)
You can't see any susceptible monsters within range! (Use Z to cast anyway.)
Found 3 gold pieces.
The gnoll shouts!
You hear an angry hiss.
The scorpion stings you.
You are poisoned.
The scorpion poisons you! The gnoll closely misses you.
You freeze the scorpion!
The scorpion is heavily wounded.
You feel sick. The scorpion stings you.
You are more poisoned.
The scorpion poisons you! The scorpion stings you.
You are lethally poisoned!
The scorpion poisons you!
The gnoll hits you from afar with a +0 spear.
You miscast Freeze.
You are very lightly contaminated with residual magic.
Nothing appears to happen.
You feel very sick. The scorpion stings you.
* * * LOW HITPOINT WARNING * * *
A ball python comes into view.
The gnoll hits you from afar with a +0 spear.
* * * LOW HITPOINT WARNING * * *
* * * LOW HITPOINT WARNING * * *
You feel very sick.
The gnoll hits you from afar with a +0 spear!
You die...

.......#####.##
..........#
..........#####
..............#
............#.#
##........#.#
..........#.##.
..............>
.....##@##.#$##
.....#.#s#...#
### #g..#...#
#.$.#.)+# ##.##
[. S# #. ## #


You could see a scorpion and a gnoll.

Vanquished Creatures
  5 adders
  2 dart slugs
  4 bats
  2 endoplasms (D:4)
  2 giant cockroaches
  6 goblins
  3 hobgoblins
  2 quokkas
  4 ball pythons
  5 frilled lizards
  9 kobolds
  2 rats (D:3)
46 creatures vanquished.

Vanquished Creatures (collateral kills)
  A goblin (D:4)
1 creature vanquished.

Grand Total: 47 creatures vanquished

Notes
Turn   | Place    | Note
-------+----------+-------------------------------------------
     0 | D:1      | Ast3rio the Demigod Ice Elementalist began the quest for
                  | the Orb.
     0 | D:1      | Reached XP level 1. HP: 14/14 MP: 5/5
   309 | D:1      | You fall into a shaft and drop 1 floor!
   405 | D:2      | Reached XP level 2. HP: 20/20 MP: 5/7
   426 | D:2      | Reached skill level 4 in Ice Magic
   703 | D:2      | Reached XP level 3. HP: 22/26 MP: 4/9
  1434 | D:3      | Learned a level 3 spell: Frozen Ramparts
  1750 | D:3      | Reached XP level 4. HP: 33/33 MP: 7/10
  1927 | D:3      | Learned a level 4 spell: Summon Ice Beast
  2498 | D:4      | HP: 1/33 [poisoned by a scorpion]
  2498 | D:4      | Mangled by a gnoll

Illustrated notes

Levels and vault maps discovered:
D:1:      psy_arrival_conway, layout_basic
D:2:      layout_loops_ring, kennysheep_generic_room_14
D:3:      layout_loops_ring, minmay_misc_feat_doors
D:4:      layout_basic, serial_bayou_pond_a, minmay_distorted

Skill      XL: |  1  2  3 |
---------------+----------+-----
Spellcasting   | 2 |  2.8
Ice Magic      | 4 |  4.5
Stealth        | 2 |  2.1
Fighting       | |  0.2
Dodging        | |  1.8

Action                     |  1- 3 |  4- 6 || total
---------------------------+-------+-------++-------
  Melee: Unarmed           |    16 |       ||    16
   Cast: Freeze            |    57 |    15 ||    72
         Frozen Ramparts   |     1 |       ||     1
         Summon Ice Beast  |       |     1 ||     1
 Armour: Robe              |    18 |     2 ||    20
  Dodge: Dodged            |    31 |     8 ||    39

Table legend: (Time is in decaauts)
 A = Elapsed time spent in this place.
 B = Non-inter-level travel time spent in this place.
 C = Inter-level travel time spent in this place.
 D = Time resting spent in this place.
 E = Time spent auto-exploring this place.
 F = Levels seen in this place.
 G = Mean time per level.
                   A        B        C        D        E       F      G
               +--------+--------+--------+--------+--------+-----+--------+
         Total |   2499 |   2412 |     87 |      0 |   2060 |   4 |  624.8 |
       Dungeon |   2499 |   2412 |     87 |      0 |   2060 |   4 |  624.8 |
               +--------+--------+--------+--------+--------+-----+--------+

Top non-repeatable levels by time:
     D:2: 1029 daAuts
     D:3: 876 daAuts
     D:1: 310 daAuts
     D:4: 281 daAuts
